 Dungeon Crawl Stone Soup version 0.31-a0-656-gb4d89c20fa (webtiles) character file.

Game seed: 5823524092049034009

63 Ofeo the Sneak (level 3, -9/31 HPs)
             Began as a Draconian Brigand on Aug 30, 2023.
             Mangled by an iguana (10 damage)
             ... on level 3 of the Dungeon.
             The game lasted 00:01:30 (2124 turns).

Ofeo the Sneak (Draconian Brigand)                  Turns: 2124, Time: 00:01:30

Health: -9/31      AC:  6    Str: 13    XL:     3   Next: 87%
Magic:  3/3        EV: 11    Int: 11    God:
Gold:   142        SH:  0    Dex: 14    Spells: 2/2 levels left

rFire   . . .        a - +2 dagger
rCold   . . .        (no shield)
rNeg    . . .        (body armour unavailable)
rPois   .            (helmet restricted)
rElec   .            b - +0 cloak
rCorr   .            (no gloves)
SInv    .            (no boots)
Will    .....        (no amulet)
Stlth   ++           k - +4 ring of slaying
HPRegen 0.25/turn    (no ring)
MPRegen 0.08/turn

%: no passive effects
@: no status effects
A: AC +5, unfitting armour, cold-blooded
a: no special abilities


You were on level 3 of the Dungeon.
You visited 1 branch of the dungeon, and saw 4 of its levels.

You collected 142 gold pieces.

Inventory:

Hand Weapons
 a - a +2 dagger (weapon)
Missiles
 c - 9 poisoned darts (quivered)
 d - 3 curare-tipped darts
Armour
 b - a +0 cloak (worn)
Jewellery
 k - a +4 ring of slaying (left hand)
Scrolls
 e - a scroll of acquirement {unknown}
 g - 2 scrolls of fear {unknown}
 h - a scroll of immolation {unknown}
 i - a scroll of noise {unknown}
 j - a scroll of identify {unknown}
 l - a scroll of poison {unknown}
 m - a scroll of enchant weapon {unknown}
Potions
 q - 2 potions of curing {@q1}


   Skills:
 - Level 3.1 Fighting
 - Level 2.0(2.8) Short Blades
 + Level 3.0(3.3) Long Blades
 - Level 1.7 Throwing
 - Level 0.8 Dodging
 - Level 3.6 Stealth


You had 2 spell levels left.
You didn't know any spells.
Your spell library was empty.

Dungeon Overview and Level Annotations

Branches:
Dungeon (4/15)
 Temple: D:4-7

Altars:
Gozag
Okawaru

Annotations:
D:3 Sigmund


Innate Abilities, Weirdness & Mutations

Your plain brown scales are hard. (AC +5)
You cannot fit into any form of body armour.
You are cold-blooded and may be slowed by cold attacks.


Message History

You hit the iguana.
You tail-slap the iguana, but do no damage.
The iguana is lightly wounded.
The iguana bites you but does no damage.
You puncture the iguana! You tail-slap the iguana.
The iguana is severely wounded.
The iguana bites you but does no damage.
You barely miss the iguana.
The iguana is severely wounded.
Something hits you. The iguana misses you.
You take 2 damage, and have 18/31 hp.
There are monsters nearby!
There are monsters nearby!
You are too injured to fight recklessly!
There are monsters nearby!
You are too injured to fight recklessly!
You are too injured to fight recklessly!
You hit the iguana but do no damage.
The iguana is severely wounded.
You barely miss the iguana.
The iguana is severely wounded.
The iguana bites you. Something hits you.
You take 6 damage, and have 12/31 hp.
You completely miss the iguana.
The iguana is heavily wounded.
The iguana closely misses you.
You hit the iguana but do no damage.
The iguana is heavily wounded.
The iguana bites you. Something hits you!
* * * LOW HITPOINT WARNING * * *
You take 10 damage, and have 2/31 hp.
MASSIVE DAMAGE!!
You completely miss the iguana.
The iguana is heavily wounded.
The iguana bites you but does no damage.
It was a potion of curing.
You feel better.
q - 2 potions of curing Something hits you!
* * * LOW HITPOINT WARNING * * *
The iguana bites you!
You die...

#..# #..# #.#.# #...#
#..# #.#.###...# #..#
..........######..###
#.#.##........ K.....
.....#......####l.#.#
##...#........##@.#.#
##...#.........#..#.##
..........#.......#..#
##..........#.##.##.##
.....................#
##..###.#.#.#.#####.##
........#.#.#.# #.#
##..#####.#.#.#####.#
#..# #.#........<#


You could see an iguana and a kobold.

Vanquished Creatures
  2 adders (D:3)
  An ufetubus (D:4)
  An orc (D:3)
  6 endoplasms
  5 hobgoblins
  4 kobolds
  2 quokkas
  7 ball pythons
  2 bats
  6 frilled lizards
  3 rats
39 creatures vanquished.

Notes
Turn   | Place    | Note
-------+----------+-------------------------------------------
     0 | D:1      | Ofeo the Draconian Brigand began the quest for the Orb.
     0 | D:1      | Reached XP level 1. HP: 17/17 MP: 1/1
   598 | D:1      | Reached XP level 2. HP: 26/26 MP: 2/2
   862 | D:1      | Reached skill level 1 in Long Blades
  1209 | D:2      | Found an iron altar of Okawaru.
  1300 | D:2      | Reached XP level 3. HP: 30/31 MP: 3/3
  1424 | D:2      | You fall into a shaft and drop 2 floors!
  1590 | D:3      | Found an opulent altar of Gozag.
  2111 | D:3      | Noticed Sigmund
  2124 | D:3      | HP: 1/31 [something (8)]
  2124 | D:3      | Mangled by an iguana

Illustrated notes

Levels and vault maps discovered:
D:1:      minmay_arrival_five_plusses, layout_basic, minmay_door_square,
          kennysheep_minor_cross, st_stairs_6, minmay_liquid_box,
          grunt_decor_cap
D:2:      layout_basic, basic_altar, chequers_mini_garden, minmay_heptomino_h4
D:3:      layout_basic, doesnt_xom_only_xom, mainiacjoe_overflow_boulevard,
          uniq_terence, uniq_sigmund
D:4:      layout_cave_pools, nicolae_elyvilon_peaceful_grove, tgw_sif,
          minmay_temple_entry_large_hall

Skill      XL: |  1  2  3 |
---------------+----------+-----
Fighting       | 3 |  3.1
Long Blades    | 1 3 |  3.0
Short Blades   | |  2.0
Throwing       | |  1.7
Dodging        | |  0.8
Stealth        | |  3.6

Action                     || total
---------------------------++-------
  Melee: Dagger            ||   104
         Tailslap          ||     9
    Use: Potion            ||     1
   Stab: Sleeping          ||     7
 Armour: Skin              ||    26
  Dodge: Dodged            ||    63

Table legend: (Time is in decaauts)
 A = Elapsed time spent in this place.
 B = Non-inter-level travel time spent in this place.
 C = Inter-level travel time spent in this place.
 D = Time resting spent in this place.
 E = Time spent auto-exploring this place.
 F = Levels seen in this place.
 G = Mean time per level.
                   A        B        C        D        E       F      G
               +--------+--------+--------+--------+--------+-----+--------+
         Total |   2113 |   2100 |     13 |      0 |   1780 |   4 |  528.2 |
       Dungeon |   2113 |   2100 |     13 |      0 |   1780 |   4 |  528.2 |
               +--------+--------+--------+--------+--------+-----+--------+

Top non-repeatable levels by time:
     D:1: 1082 daAuts
     D:3: 668 daAuts
     D:2: 335 daAuts
     D:4: 27 daAuts
